Icehogs vs Little Stars
Created - January 4, 2024 at 23:24
Goals
|
Icehogs |
1 |
1 |
2 |
4 |
Little Stars |
2 |
0 |
0 |
2 |
|
Shots
|
Icehogs |
13 |
16 |
8 |
37 |
Little Stars |
14 |
11 |
13 |
38 |
|
1st period
1. Little Stars , Adam Tambellini 27 (Ilya Mikheyev 38, Daniel O'regan 35) at 6:50 (PP)
2. Icehogs , Andrew Poturalski 3 (Nick Paul 11, J.T. Brown 24) at 13:08
3. Little Stars , Ilya Mikheyev 16 (Adam Tambellini 28, Reece Willcox 22) at 16:58 (SH)
Penalties :
Hudson Fasching (Roc) for Roughing (Minor) at 6:33, Reece Willcox (Tex) for Roughing (Minor) at 8:24, Wiley Sherman (Tex) for Hooking (Minor) at 16:41
2nd period
4. Icehogs , Nikita Scherbak 8 (Julius Honka 8) at 11:25
Penalties :
Mike Reilly (Roc) for Hooking (Minor) at 0:46, Ilya Mikheyev (Tex) for Hooking (Minor) at 1:18, Adam Boqvist (Roc) for Hooking (Minor) at 5:48, Ross Johnston (Roc) for Hooking (Minor) at 18:19
3rd period
5. Icehogs , Mikhail Grigorenko 17 (Hudson Fasching 18, Kurtis Gabriel 8) at 6:13
6. Icehogs , Mikhail Grigorenko 18 (Julius Honka 9, Hudson Fasching 19) at 14:04
Penalties :
Kurtis Gabriel (Roc) for Roughing (Double Minor) at 1:07, Tucker Poolman (Tex) for Holding (Minor) at 12:25, J.T. Brown (Roc) for Slashing (Minor) at 12:41
Goalie Stats
Oscar Dansk (Roc), 36 saves from 38 shots - (0.947), W, 1-4-1, 60:00 minutes
Michael Houser (Tex), 33 saves from 37 shots - (0.892), L, 16-6-2, 60:00 minutes
Players Stats for Icehogs
Player Name G A P +/- PIM S H SB GA TA FO MP PP MP PK MP
------------------------------------------------------------------------------------
Adam Boqvist 0 0 0 2 2 3 1 1 0 0 0/0 11:12 0:00 0:37
Andrew Poturalski 1 0 1 1 0 3 1 0 0 1 10/14 12:36 2:04 0:00
Calle Andersson 0 0 0 0 0 1 0 0 0 0 0/0 19:52 1:25 3:37
Clark Bishop 0 0 0 0 0 0 0 0 0 0 0/0 3:45 0:16 2:17
Dillon Dube 0 0 0 0 0 0 2 0 0 0 11/24 16:32 2:26 0:00
Duncan Siemens 0 0 0 0 0 1 1 1 0 0 0/0 19:52 1:25 3:37
Hudson Fasching 0 2 2 1 2 3 1 0 1 0 0/0 23:40 2:26 4:52
J.T. Brown 0 1 1 1 2 4 2 1 2 0 0/1 16:58 2:03 2:25
Jackson Cates 0 0 0 0 0 0 0 0 0 0 0/0 0:00 0:00 0:00
Jeremy Davies 0 0 0 2 0 0 0 0 0 1 0/0 11:14 0:16 0:00
JJ. Piccinich 0 0 0 0 0 0 0 0 0 0 0/0 0:00 0:00 0:00
Julius Honka 0 2 2 1 0 2 0 2 0 1 0/0 27:31 3:21 5:20
Kristian Reichel 0 0 0 0 0 0 0 0 0 0 0/0 0:00 0:00 0:00
Kurtis Gabriel 0 1 1 0 4 4 1 0 1 1 0/1 12:50 0:00 1:03
Maxim Letunov 0 0 0 1 0 0 1 1 0 0 1/2 6:45 0:00 0:00
Michael Rasmussen 0 0 0 0 0 1 4 0 0 1 0/7 10:28 0:00 0:52
Mike Reilly 0 0 0 1 2 1 3 4 0 0 0/0 28:11 3:21 4:48
Mikhail Grigorenko 2 0 2 1 0 6 2 0 0 2 3/14 23:51 2:26 5:02
Myles Bell 0 0 0 0 0 1 0 0 0 0 0/0 11:04 0:00 1:28
Nick Paul 0 1 1 1 0 4 3 0 1 1 0/0 12:36 2:04 0:00
Nikita Scherbak 1 0 1 1 0 1 0 0 0 1 1/1 6:45 0:00 0:00
Patrick Russell 0 0 0 0 0 0 0 0 0 0 0/0 1:03 0:00 0:05
Ross Johnston 0 0 0 1 2 1 2 0 0 0 0/1 6:46 0:00 0:00
Thomas DiPauli 0 0 0 0 0 0 0 0 0 0 0/0 0:54 0:16 0:00
Zach Whitecloud 0 0 0 0 0 1 0 0 0 0 0/0 3:17 0:00 0:05
Players Stats for Little Stars
Player Name G A P +/- PIM S H SB GA TA FO MP PP MP PK MP
------------------------------------------------------------------------------------
Adam Tambellini 1 1 2 -3 0 7 1 2 0 0 3/3 23:37 4:51 2:53
Cal Burke 0 0 0 0 0 4 0 0 0 0 0/0 6:05 0:00 0:00
Connor Mackey 0 0 0 -2 0 0 1 0 0 2 0/0 17:06 0:41 2:28
Daniel O'regan 0 1 1 -3 0 3 4 1 0 0 15/25 20:21 5:07 1:25
Emile Poirier 0 0 0 0 0 1 3 1 1 0 0/0 8:26 0:42 0:28
Evan Bouchard 0 0 0 -2 0 0 3 0 1 1 0/0 23:00 4:20 0:43
Ilya Mikheyev 1 1 2 -3 2 6 1 0 1 0 5/9 22:43 4:53 2:37
Jean-Christophe Beaudin 0 0 0 0 0 0 0 0 0 0 4/8 11:29 0:11 0:00
Joakim Nygard 0 0 0 0 0 3 0 1 0 1 0/0 17:24 3:37 1:25
Justin Auger 0 0 0 0 0 1 0 0 0 0 2/2 12:40 0:15 0:42
Matt Luff 0 0 0 0 0 0 1 0 0 0 0/0 14:47 3:21 0:00
Radel Fazleev 0 0 0 0 0 1 1 0 1 0 6/11 14:47 3:21 0:00
Reece Willcox 0 1 1 0 2 0 2 3 0 0 0/0 28:27 4:17 1:55
Shane Gersich 0 0 0 0 0 5 2 0 1 0 2/2 12:22 0:31 0:02
Tucker Poolman 0 0 0 0 2 1 2 0 0 0 0/0 20:22 4:45 1:57
Ville Pokka 0 0 0 0 0 1 1 0 0 0 0/0 6:05 0:00 0:42
Wiley Sherman 0 0 0 -2 2 5 0 4 4 1 0/0 26:14 4:17 1:47
Yakov Trenin 0 0 0 0 0 0 0 0 0 0 2/5 6:05 0:00 0:00
3 Stars
1 - Mikhail Grigorenko (Roc)
2 - Oscar Dansk (Roc)
3 - Andrew Poturalski (Roc)
Power Play
Icehogs - 0 on 4 Attempt(s) - 0.00%
Little Stars - 1 on 7 Attempt(s) - 14.29%
Penalty Kill
Icehogs - 6 on 7 Attempt(s) - 85.71%
- Score 0 goal in Penalty Kill
Little Stars - 4 on 4 Attempt(s) - 100.00%
- Score 1 goal in Penalty Kill
Team Stat
Icehogs - Hits : 24 - Faceoff Wins : 26 - Blocked Shots : 10 - Penalty Minutes : 14
Little Stars - Hits : 22 - Faceoff Wins : 39 - Blocked Shots : 12 - Penalty Minutes : 8
Official
Referees : Ian Walsh and Graham Skilliter
Linesman : Trent Knorr and Kyle Flemington
Game Notes
Ville Pokka is injured at 15:26 of 1st period (Groin)
4:31 of 2nd period - Icehogs goal is going for a video replay. After video review, No Goal. The puck has been directed, batted or thrown into the net by an attacking player other than with a stick.
Finance
Level 1 -- Attendance: 1694 (84.70%) -- Ticket Income $118,580
Level 2 -- Attendance: 849 (84.90%) -- Ticket Income $33,960
Total Attendance: 2543 (84.77%)
Total Ticket Income: $152,540
Other Income: $7,627
Total Income: $160,167
Icehogs
5 vs 5 Forward
Center Left Wing Right Wing Time % Phy DF OF
1 Dillon Dube Mikhail Grigorenko Hudson Fasching 40 1 2 2
2 Andrew Poturalski Nick Paul J.T. Brown 30 1 2 2
3 Michael Rasmussen Myles Bell Kurtis Gabriel 20 1 2 2
4 Maxim Letunov Ross Johnston Nikita Scherbak 10 1 2 2
5 vs 5 Defense
Defense Defense Time % Phy DF OF
1 Mike Reilly Julius Honka 40 1 2 2
2 Duncan Siemens Calle Andersson 30 1 2 2
3 Jeremy Davies Adam Boqvist 20 1 2 2
4 Zach Whitecloud Mike Reilly 10 1 2 2
PowerPlay Forward
Center Left Wing Right Wing Time % Phy DF OF
1 Dillon Dube Mikhail Grigorenko Hudson Fasching 60 1 2 2
2 Andrew Poturalski Nick Paul J.T. Brown 40 1 2 2
PowerPlay Defense
Defense Defense Time % Phy DF OF
1 Mike Reilly Julius Honka 60 1 2 2
2 Duncan Siemens Calle Andersson 40 1 2 2
Penalty Kill 4 Players Forward
Center Wing Time % Phy DF OF
1 Mikhail Grigorenko Hudson Fasching 60 1 2 2
2 J.T. Brown Kurtis Gabriel 40 1 2 2
Penalty Kill 4 Players Defense
Defense Defense Time % Phy DF OF
1 Mike Reilly Julius Honka 60 1 2 2
2 Duncan Siemens Calle Andersson 40 1 2 2
Penalty Kill - 3 Players Forward
Forward Time % Phy DF OF
1 Mikhail Grigorenko 60 1 2 2
2 Hudson Fasching 40 1 2 2
Penalty Kill - 3 Players Defense
Defense Defense Time % Phy DF OF
1 Mike Reilly Julius Honka 60 1 2 2
2 Duncan Siemens Calle Andersson 40 1 2 2
4 vs 4 Forward
Center Wing Time % Phy DF OF
1 Mikhail Grigorenko Hudson Fasching 60 1 2 2
2 J.T. Brown Kurtis Gabriel 40 1 2 2
4 vs 4 Defense
Defense Defense Time % Phy DF OF
1 Mike Reilly Julius Honka 60 1 2 2
2 Duncan Siemens Calle Andersson 40 1 2 2
Last Minutes Offensive
Center Left Wing Right Wing Defense Defense
Dillon Dube Mikhail Grigorenko Hudson Fasching Mike Reilly Julius Honka
Last Minutes Defensive
Center Left Wing Right Wing Defense Defense
Dillon Dube Mikhail Grigorenko Hudson Fasching Mike Reilly Julius Honka
Goaltenders
Starting : Oscar Dansk
Backup : Mackenzie Blackwood
Extra Forwards
Normal : Patrick Russell, Thomas DiPauli, Clark Bishop - PP : Patrick Russell, Thomas DiPauli - PK : Clark Bishop
Extra Defensemen
Normal : Jeremy Davies, Adam Boqvist, Zach Whitecloud - PP : Jeremy Davies - PK : Adam Boqvist, Zach Whitecloud
Penalty Shots
Mikhail Grigorenko, Hudson Fasching, J.T. Brown, Kurtis Gabriel, Nick Paul
Custom OT Lines Forwards
Mikhail Grigorenko, Hudson Fasching, J.T. Brown, Kurtis Gabriel, Nick Paul, Myles Bell, Dillon Dube, Andrew Poturalski, Nikita Scherbak, Michael Rasmussen
Custom OT Lines Defensemen
Mike Reilly, Julius Honka, Duncan Siemens, Calle Andersson, Jeremy Davies
Scratches
Patrick Sieloff (Facial Surgery Injury), Declan Chisholm (Healthy), Mitchell Chaffee (Healthy), Gabriel Fortier (Healthy), Petr Kvaca (Healthy)
Little Stars
5 vs 5 Forward
Center Left Wing Right Wing Time % Phy DF OF
1 Daniel O'regan Adam Tambellini Ilya Mikheyev 40 1 2 2
2 Radel Fazleev Joakim Nygard Matt Luff 30 1 2 2
3 Jean-Christophe Beaudin Shane Gersich Justin Auger 20 1 2 2
4 Yakov Trenin Emile Poirier Cal Burke 10 1 2 2
5 vs 5 Defense
Defense Defense Time % Phy DF OF
1 Wiley Sherman Reece Willcox 40 1 2 2
2 Tucker Poolman Ville Pokka 30 1 2 2
3 Evan Bouchard Connor Mackey 20 1 2 2
4 Wiley Sherman Reece Willcox 10 1 2 2
PowerPlay Forward
Center Left Wing Right Wing Time % Phy DF OF
1 Daniel O'regan Adam Tambellini Ilya Mikheyev 60 1 2 2
2 Radel Fazleev Joakim Nygard Matt Luff 40 1 2 2
PowerPlay Defense
Defense Defense Time % Phy DF OF
1 Wiley Sherman Reece Willcox 60 1 2 2
2 Tucker Poolman Ville Pokka 40 1 2 2
Penalty Kill 4 Players Forward
Center Wing Time % Phy DF OF
1 Ilya Mikheyev Adam Tambellini 60 1 2 2
2 Daniel O'regan Joakim Nygard 40 1 2 2
Penalty Kill 4 Players Defense
Defense Defense Time % Phy DF OF
1 Wiley Sherman Reece Willcox 60 1 2 2
2 Tucker Poolman Ville Pokka 40 1 2 2
Penalty Kill - 3 Players Forward
Forward Time % Phy DF OF
1 Ilya Mikheyev 60 1 2 2
2 Adam Tambellini 40 1 2 2
Penalty Kill - 3 Players Defense
Defense Defense Time % Phy DF OF
1 Wiley Sherman Reece Willcox 60 1 2 2
2 Tucker Poolman Ville Pokka 40 1 2 2
4 vs 4 Forward
Center Wing Time % Phy DF OF
1 Ilya Mikheyev Adam Tambellini 60 1 2 2
2 Daniel O'regan Joakim Nygard 40 1 2 2
4 vs 4 Defense
Defense Defense Time % Phy DF OF
1 Wiley Sherman Reece Willcox 60 1 2 2
2 Tucker Poolman Ville Pokka 40 1 2 2
Last Minutes Offensive
Center Left Wing Right Wing Defense Defense
Daniel O'regan Adam Tambellini Ilya Mikheyev Wiley Sherman Reece Willcox
Last Minutes Defensive
Center Left Wing Right Wing Defense Defense
Daniel O'regan Adam Tambellini Ilya Mikheyev Wiley Sherman Reece Willcox
Goaltenders
Starting : Michael Houser
Backup : Danil Tarasov
Extra Forwards
Normal : Shane Gersich, Emile Poirier, Justin Auger - PP : Shane Gersich, Emile Poirier - PK : Justin Auger
Extra Defensemen
Normal : Evan Bouchard, Connor Mackey, Tucker Poolman - PP : Evan Bouchard - PK : Connor Mackey, Tucker Poolman
Penalty Shots
Ilya Mikheyev, Adam Tambellini, Daniel O'regan, Joakim Nygard, Shane Gersich
Custom OT Lines Forwards
Ilya Mikheyev, Adam Tambellini, Daniel O'regan, Joakim Nygard, Shane Gersich, Emile Poirier, Matt Luff, Justin Auger, Radel Fazleev, Cal Burke
Custom OT Lines Defensemen
Wiley Sherman, Reece Willcox, Tucker Poolman, Ville Pokka, Evan Bouchard
Scratches
Filip Chytil (Strained Left Elbow Injury), Jack McBain (Healthy), Jason Dickinson (Lower Body Injury), Lawrence Pilut (Healthy), Rudolfs Balcers (Healthy)
Joey Anderson (Healthy), Jonathan Dahlen (Healthy), Givani Smith (Healthy), Blade Jenkins (Healthy), Bulat Shafigullin (Healthy)
Michael Giugovaz (Healthy)
% Time on Ice - Icehogs
Lines # - Real PCT - Wanted PCT - Time Play
Normal Forward
1 - 33% - 40% - 14:08
2 - 29% - 30% - 12:33
3 - 22% - 20% - 9:36
4 - 16% - 10% - 6:45
Normal Defense
1 - 40% - 40% - 17:06
2 - 32% - 30% - 13:45
3 - 22% - 20% - 9:20
4 - 7% - 10% - 2:51
PP Forward
1 - 57% - 60% - 2:42
2 - 43% - 40% - 2:04
PP Defense
1 - 70% - 60% - 3:21
2 - 30% - 40% - 1:25
PK Forward
1 - 72% - 60% - 6:30
2 - 28% - 40% - 2:32
PK Defense
1 - 60% - 60% - 5:25
2 - 40% - 40% - 3:37
PK3 Forward
1 - 0% - 60%
2 - 0% - 40%
PK3 Defense
1 - 0% - 60%
2 - 0% - 40%
44 Forward
1 - 83% - 60% - 2:37
2 - 17% - 40% - 0:33
44 Defense
1 - 66% - 60% - 2:05
2 - 34% - 40% - 1:05
Last Minute Offensive - 0:00
Last Minute Defensive - 0:00
Total
Forward - 60:00
Defense - 60:00
|
% Time on Ice - Little Stars
Lines # - Real PCT - Wanted PCT - Time Play
Normal Forward
1 - 32% - 40% - 13:48
2 - 28% - 30% - 11:59
3 - 26% - 20% - 11:10
4 - 14% - 10% - 6:05
Normal Defense
1 - 40% - 40% - 17:02
2 - 37% - 30% - 15:51
3 - 22% - 20% - 9:17
4 - 2% - 10% - 0:52
PP Forward
1 - 58% - 60% - 5:14
2 - 42% - 40% - 3:48
PP Defense
1 - 47% - 60% - 4:17
2 - 53% - 40% - 4:45
PK Forward
1 - 75% - 60% - 3:35
2 - 25% - 40% - 1:11
PK Defense
1 - 67% - 60% - 3:12
2 - 33% - 40% - 1:34
PK3 Forward
1 - 0% - 60%
2 - 0% - 40%
PK3 Defense
1 - 0% - 60%
2 - 0% - 40%
44 Forward
1 - 91% - 60% - 2:53
2 - 9% - 40% - 0:17
44 Defense
1 - 68% - 60% - 2:10
2 - 32% - 40% - 1:00
Last Minute Offensive - 0:00
Last Minute Defensive - 0:00
Total
Forward - 60:00
Defense - 60:00
|
Play-by-Play
1st period
0:01 of 1st period - Daniel O'regan wins face-off versus Dillon Dube in neutral zone.
0:14 of 1st period - Slapshot by Daniel O'regan.
0:14 of 1st period - Shot Blocked by Mike Reilly.
0:16 of 1st period - Wrist shot by Ilya Mikheyev.
0:16 of 1st period - Shot Misses the Net.
0:55 of 1st period - Snap shot by Justin Auger.
0:55 of 1st period - Shot Misses the Net.
1:05 of 1st period - Julius Honka is hit by Daniel O'regan.
1:11 of 1st period - Snap shot by Adam Tambellini.
1:11 of 1st period - Stopped by Oscar Dansk with a rebound.
1:25 of 1st period - Snap shot by Michael Rasmussen.
1:25 of 1st period - Shot Blocked by Adam Tambellini.
1:27 of 1st period - Slapshot by Julius Honka.
1:27 of 1st period - Stopped by Michael Houser with a rebound.
1:57 of 1st period - Wrist shot by Kurtis Gabriel.
1:57 of 1st period - Stopped by Michael Houser without a rebound.
1:58 of 1st period - Radel Fazleev wins face-off versus Mikhail Grigorenko in Little Stars zone.
2:48 of 1st period - Joakim Nygard is hit by Ross Johnston and loses puck.
3:37 of 1st period - Slapshot by Adam Boqvist.
3:37 of 1st period - Shot Misses the Net.
3:39 of 1st period - Slapshot by Adam Boqvist.
3:39 of 1st period - Deflect By Joakim Nygard.
3:39 of 1st period - Stopped by Michael Houser without a rebound.
3:40 of 1st period - Dillon Dube wins face-off versus Jean-Christophe Beaudin in Little Stars zone.
3:51 of 1st period - Wrist shot by Justin Auger.
3:51 of 1st period - Stopped by Oscar Dansk without a rebound.
3:52 of 1st period - Yakov Trenin wins face-off versus Andrew Poturalski in Icehogs zone.
3:53 of 1st period - Wrist shot by Emile Poirier.
3:53 of 1st period - Stopped by Oscar Dansk without a rebound.
3:54 of 1st period - Andrew Poturalski wins face-off versus Yakov Trenin in Icehogs zone.
4:28 of 1st period - Wrist shot by Adam Tambellini.
4:28 of 1st period - Stopped by Oscar Dansk with a rebound.
5:24 of 1st period - Snap shot by Adam Tambellini.
5:24 of 1st period - Stopped by Oscar Dansk without a rebound.
5:25 of 1st period - Daniel O'regan wins face-off versus Ross Johnston in Icehogs zone.
5:52 of 1st period - Evan Bouchard is hit by Mikhail Grigorenko and loses puck.
6:23 of 1st period - Icing by Emile Poirier.
6:24 of 1st period - Yakov Trenin wins face-off versus Dillon Dube in Little Stars zone.
6:33 of 1st period - Minor Penalty to Hudson Fasching for Roughing.
6:34 of 1st period - Adam Tambellini wins face-off versus Mikhail Grigorenko in Icehogs zone.
6:50 of 1st period - Snap shot by Adam Tambellini.
6:50 of 1st period - Goal by Adam Tambellini - Icehogs : 0 - Little Stars : 1.
6:51 of 1st period - Dillon Dube wins face-off versus Daniel O'regan in neutral zone.
6:54 of 1st period - Wrist shot by Hudson Fasching.
6:54 of 1st period - Shot Blocked by Reece Willcox.
6:56 of 1st period - Wrist shot by Mikhail Grigorenko.
6:56 of 1st period - Shot Misses the Net.
7:24 of 1st period - Slapshot by J.T. Brown.
7:24 of 1st period - Stopped by Michael Houser without a rebound.
7:25 of 1st period - Daniel O'regan wins face-off versus Dillon Dube in Little Stars zone.
7:40 of 1st period - Wrist shot by Hudson Fasching.
7:40 of 1st period - Stopped by Michael Houser without a rebound.
7:41 of 1st period - Andrew Poturalski wins face-off versus Jean-Christophe Beaudin in Little Stars zone.
8:18 of 1st period - Slapshot by Hudson Fasching.
8:18 of 1st period - Shot Misses the Net.
8:24 of 1st period - Minor Penalty to Reece Willcox for Roughing.
8:25 of 1st period - Ilya Mikheyev wins face-off versus Mikhail Grigorenko in Little Stars zone.
8:41 of 1st period - Off-side.
8:42 of 1st period - Andrew Poturalski wins face-off versus Ilya Mikheyev in neutral zone.
9:17 of 1st period - Slapshot by Mikhail Grigorenko.
9:17 of 1st period - Stopped by Michael Houser with a rebound.
9:19 of 1st period - Slapshot by Julius Honka.
9:19 of 1st period - Shot Misses the Net.
9:35 of 1st period - Tucker Poolman is hit by Dillon Dube and loses puck.
10:24 of 1st period - Penalty to Reece Willcox is over, Reece Willcox is back on ice.
10:44 of 1st period - Snap shot by Reece Willcox.
10:44 of 1st period - Shot Misses the Net.
10:56 of 1st period - Snap shot by Adam Tambellini.
10:56 of 1st period - Shot Misses the Net.
10:58 of 1st period - Slapshot by Ville Pokka.
10:58 of 1st period - Stopped by Oscar Dansk with a rebound.
11:00 of 1st period - Snap shot by Adam Tambellini.
11:00 of 1st period - Stopped by Oscar Dansk with a rebound.
11:02 of 1st period - Slapshot by Ville Pokka.
11:02 of 1st period - Shot Blocked by Julius Honka.
11:04 of 1st period - Snap shot by Ilya Mikheyev.
11:04 of 1st period - Shot Misses the Net.
11:06 of 1st period - Snap shot by Ilya Mikheyev.
11:06 of 1st period - Stopped by Oscar Dansk without a rebound.
11:07 of 1st period - Andrew Poturalski wins face-off versus Radel Fazleev in Icehogs zone.
11:18 of 1st period - Snap shot by Nick Paul.
11:18 of 1st period - Stopped by Michael Houser without a rebound.
11:19 of 1st period - Radel Fazleev wins face-off versus Dillon Dube in Little Stars zone.
11:58 of 1st period - Slapshot by Hudson Fasching.
11:58 of 1st period - Shot Misses the Net.
12:16 of 1st period - Ville Pokka is hit by Nick Paul and loses puck.
12:29 of 1st period - Snap shot by Joakim Nygard.
12:29 of 1st period - Stopped by Oscar Dansk with a rebound.
12:32 of 1st period - Icing by Adam Boqvist.
12:33 of 1st period - Radel Fazleev wins face-off versus Michael Rasmussen in Icehogs zone.
13:08 of 1st period - Snap shot by Nick Paul.
13:08 of 1st period - Deflect By Andrew Poturalski.
13:08 of 1st period - Goal by Andrew Poturalski - Icehogs : 1 - Little Stars : 1.
13:09 of 1st period - Dillon Dube wins face-off versus Ilya Mikheyev in neutral zone.
13:34 of 1st period - J.T. Brown is hit by Matt Luff and loses puck.
14:02 of 1st period - Wrist shot by Kurtis Gabriel.
14:02 of 1st period - Stopped by Michael Houser without a rebound.
14:03 of 1st period - Daniel O'regan wins face-off versus Dillon Dube in Little Stars zone.
14:12 of 1st period - Wrist shot by Daniel O'regan.
14:12 of 1st period - Stopped by Oscar Dansk with a rebound.
14:28 of 1st period - J.T. Brown is hit by Ville Pokka and loses puck.
14:49 of 1st period - Kurtis Gabriel is hit by Tucker Poolman and loses puck.
14:58 of 1st period - Tucker Poolman is hit by Michael Rasmussen and loses puck.
15:25 of 1st period - Ville Pokka is hit by Ross Johnston and loses puck.
15:26 of 1st period - Ville Pokka from Little Stars is injured at 15:26 of 1st period (Groin).
15:27 of 1st period - Dillon Dube wins face-off versus Daniel O'regan in Little Stars zone.
15:28 of 1st period - Snap shot by Hudson Fasching.
15:28 of 1st period - Shot Misses the Net.
15:36 of 1st period - Snap shot by Daniel O'regan.
15:36 of 1st period - Shot Misses the Net.
16:20 of 1st period - Wrist shot by J.T. Brown.
16:20 of 1st period - Deflect By Andrew Poturalski.
16:20 of 1st period - Stopped by Michael Houser with a rebound.
16:22 of 1st period - Snap shot by Andrew Poturalski.
16:22 of 1st period - Stopped by Michael Houser without a rebound.
16:23 of 1st period - Andrew Poturalski wins face-off versus Daniel O'regan in Little Stars zone.
16:32 of 1st period - Slapshot by Adam Tambellini.
16:32 of 1st period - Deflect By Calle Andersson.
16:32 of 1st period - Stopped by Oscar Dansk with a rebound.
16:34 of 1st period - Slapshot by Wiley Sherman.
16:34 of 1st period - Stopped by Oscar Dansk without a rebound.
16:35 of 1st period - Andrew Poturalski wins face-off versus Daniel O'regan in Icehogs zone.
16:41 of 1st period - Minor Penalty to Wiley Sherman for Hooking.
16:42 of 1st period - Ilya Mikheyev wins face-off versus Dillon Dube in Little Stars zone.
16:58 of 1st period - Snap shot by Ilya Mikheyev.
16:58 of 1st period - Goal by Ilya Mikheyev - Icehogs : 1 - Little Stars : 2.
16:59 of 1st period - Ilya Mikheyev wins face-off versus Dillon Dube in neutral zone.
17:24 of 1st period - Ilya Mikheyev is hit by Mike Reilly and loses puck.
18:41 of 1st period - Penalty to Wiley Sherman is over, Wiley Sherman is back on ice.
18:52 of 1st period - Shane Gersich is hit by Mike Reilly and loses puck.
19:08 of 1st period - Off-side.
19:09 of 1st period - Maxim Letunov wins face-off versus Radel Fazleev in neutral zone.
19:44 of 1st period - Snap shot by J.T. Brown.
19:44 of 1st period - Stopped by Michael Houser without a rebound.
19:45 of 1st period - Dillon Dube wins face-off versus Radel Fazleev in Little Stars zone.
19:52 of 1st period - Slapshot by Mikhail Grigorenko.
19:52 of 1st period - Stopped by Michael Houser with a rebound.
19:55 of 1st period - Icing by Wiley Sherman.
19:56 of 1st period - Radel Fazleev wins face-off versus Dillon Dube in Little Stars zone.
Goals for this period are 1 for Icehogs vs 2 for Little Stars.
Shots for this period are 13 for Icehogs vs 14 for Little Stars.
2nd period
0:01 of 2nd period - Dillon Dube wins face-off versus Daniel O'regan in neutral zone.
0:14 of 2nd period - Dillon Dube is hit by Reece Willcox and loses puck.
0:27 of 2nd period - Duncan Siemens is hit by Radel Fazleev.
0:31 of 2nd period - Joakim Nygard is hit by J.T. Brown and loses puck.
0:46 of 2nd period - Minor Penalty to Mike Reilly for Hooking.
0:47 of 2nd period - Daniel O'regan wins face-off versus Mikhail Grigorenko in Icehogs zone.
1:18 of 2nd period - Minor Penalty to Ilya Mikheyev for Hooking.
1:19 of 2nd period - Shane Gersich wins face-off versus Mikhail Grigorenko in Little Stars zone.
1:31 of 2nd period - Slapshot by Shane Gersich.
1:31 of 2nd period - Stopped by Oscar Dansk with a rebound.
2:01 of 2nd period - Duncan Siemens is hit by Shane Gersich and loses puck.
2:46 of 2nd period - Penalty to Mike Reilly is over, Mike Reilly is back on ice.
2:57 of 2nd period - Slapshot by Jeremy Davies.
2:57 of 2nd period - Shot Blocked by Wiley Sherman.
2:59 of 2nd period - Snap shot by Mike Reilly.
2:59 of 2nd period - Shot Blocked by Wiley Sherman.
3:01 of 2nd period - Slapshot by Jeremy Davies.
3:01 of 2nd period - Deflect By Mike Reilly.
3:01 of 2nd period - Stopped by Michael Houser without a rebound.
3:02 of 2nd period - Justin Auger wins face-off versus Andrew Poturalski in Little Stars zone.
3:18 of 2nd period - Penalty to Ilya Mikheyev is over, Ilya Mikheyev is back on ice.
3:29 of 2nd period - Joakim Nygard is hit by Michael Rasmussen and loses puck.
3:34 of 2nd period - Slapshot by Myles Bell.
3:34 of 2nd period - Deflect By Kurtis Gabriel.
3:34 of 2nd period - Stopped by Michael Houser with a rebound.
3:36 of 2nd period - Snap shot by Michael Rasmussen.
3:36 of 2nd period - Stopped by Michael Houser with a rebound.
3:48 of 2nd period - Mikhail Grigorenko is hit by Emile Poirier and loses puck.
3:55 of 2nd period - Wrist shot by Emile Poirier.
3:55 of 2nd period - Deflect By Cal Burke.
3:55 of 2nd period - Stopped by Oscar Dansk with a rebound.
3:57 of 2nd period - Wrist shot by Cal Burke.
3:57 of 2nd period - Stopped by Oscar Dansk with a rebound.
3:59 of 2nd period - Slapshot by Connor Mackey.
3:59 of 2nd period - Shot Blocked by Duncan Siemens.
4:29 of 2nd period - Slapshot by Duncan Siemens.
4:29 of 2nd period - Shot Misses the Net.
4:31 of 2nd period - Wrist shot by Nick Paul.
4:31 of 2nd period - Icehogs goal is going for a video replay.
4:31 of 2nd period - The goal is refused. The puck has been directed, batted or thrown into the net by an attacking player other than with a stick..
4:32 of 2nd period - Andrew Poturalski wins face-off versus Radel Fazleev in Little Stars zone.
4:33 of 2nd period - Slapshot by Nick Paul.
4:33 of 2nd period - Shot Blocked by Joakim Nygard.
4:35 of 2nd period - Slapshot by Mike Reilly.
4:35 of 2nd period - Shot Misses the Net.
4:37 of 2nd period - Slapshot by Julius Honka.
4:37 of 2nd period - Stopped by Michael Houser with a rebound.
4:39 of 2nd period - Slapshot by Julius Honka.
4:39 of 2nd period - Shot Blocked by Wiley Sherman.
4:41 of 2nd period - Slapshot by Andrew Poturalski.
4:41 of 2nd period - Shot Misses the Net.
4:57 of 2nd period - Wiley Sherman is hit by Nick Paul and loses puck.
5:02 of 2nd period - Wrist shot by J.T. Brown.
5:02 of 2nd period - Stopped by Michael Houser without a rebound.
5:03 of 2nd period - Daniel O'regan wins face-off versus Dillon Dube in Little Stars zone.
5:40 of 2nd period - Slapshot by Kurtis Gabriel.
5:40 of 2nd period - Shot Hit the Post.
5:48 of 2nd period - Minor Penalty to Adam Boqvist for Hooking.
5:49 of 2nd period - Mikhail Grigorenko wins face-off versus Daniel O'regan in Icehogs zone.
5:49 of 2nd period - Mikhail Grigorenko is hit by Ilya Mikheyev.
6:03 of 2nd period - Slapshot by Daniel O'regan.
6:03 of 2nd period - Stopped by Oscar Dansk with a rebound.
6:39 of 2nd period - Snap shot by J.T. Brown.
6:39 of 2nd period - Shot Blocked by Adam Tambellini.
7:46 of 2nd period - Daniel O'regan is hit by Duncan Siemens and loses puck.
7:48 of 2nd period - Penalty to Adam Boqvist is over, Adam Boqvist is back on ice.
8:13 of 2nd period - J.T. Brown is hit by Daniel O'regan and loses puck.
8:28 of 2nd period - Snap shot by J.T. Brown.
8:28 of 2nd period - Shot Blocked by Reece Willcox.
8:30 of 2nd period - Snap shot by Adam Boqvist.
8:30 of 2nd period - Stopped by Michael Houser with a rebound.
8:38 of 2nd period - Slapshot by Daniel O'regan.
8:38 of 2nd period - Shot Misses the Net.
8:40 of 2nd period - Snap shot by Adam Tambellini.
8:40 of 2nd period - Shot Blocked by Mike Reilly.
8:42 of 2nd period - Wrist shot by Wiley Sherman.
8:42 of 2nd period - Deflect By Daniel O'regan.
8:42 of 2nd period - Shot Misses the Net.
8:42 of 2nd period - Puck is out of play.
8:43 of 2nd period - Dillon Dube wins face-off versus Jean-Christophe Beaudin in Icehogs zone.
8:57 of 2nd period - Tucker Poolman is hit by Mike Reilly.
9:09 of 2nd period - Snap shot by Joakim Nygard.
9:09 of 2nd period - Shot Misses the Net.
9:11 of 2nd period - Snap shot by Radel Fazleev.
9:11 of 2nd period - Shot Misses the Net.
9:13 of 2nd period - Snap shot by Evan Bouchard.
9:13 of 2nd period - Shot Blocked by Mike Reilly.
10:01 of 2nd period - Reece Willcox is hit by Kurtis Gabriel and loses puck.
10:19 of 2nd period - Matt Luff is hit by Maxim Letunov and loses puck.
10:44 of 2nd period - Snap shot by Jean-Christophe Beaudin.
10:44 of 2nd period - Shot Misses the Net.
10:50 of 2nd period - Kurtis Gabriel is hit by Connor Mackey and loses puck.
11:09 of 2nd period - Slapshot by J.T. Brown.
11:09 of 2nd period - Shot Blocked by Emile Poirier.
11:11 of 2nd period - Slapshot by Hudson Fasching.
11:11 of 2nd period - Stopped by Michael Houser with a rebound.
11:13 of 2nd period - Slapshot by Zach Whitecloud.
11:13 of 2nd period - Stopped by Michael Houser with a rebound.
11:25 of 2nd period - Slapshot by Nikita Scherbak.
11:25 of 2nd period - Goal by Nikita Scherbak - Icehogs : 2 - Little Stars : 2.
11:26 of 2nd period - Dillon Dube wins face-off versus Daniel O'regan in neutral zone.
11:43 of 2nd period - Snap shot by Ilya Mikheyev.
11:43 of 2nd period - Stopped by Oscar Dansk with a rebound.
11:53 of 2nd period - Evan Bouchard is hit by Andrew Poturalski and loses puck.
12:37 of 2nd period - Ross Johnston is hit by Daniel O'regan and loses puck.
12:44 of 2nd period - Backhand shot by Ilya Mikheyev.
12:44 of 2nd period - Shot Misses the Net.
12:46 of 2nd period - Snap shot by Ilya Mikheyev.
12:46 of 2nd period - Stopped by Oscar Dansk with a rebound.
12:48 of 2nd period - Slapshot by Tucker Poolman.
12:48 of 2nd period - Shot Blocked by Maxim Letunov.
13:02 of 2nd period - Wrist shot by Wiley Sherman.
13:02 of 2nd period - Stopped by Oscar Dansk without a rebound.
13:03 of 2nd period - Dillon Dube wins face-off versus Yakov Trenin in Icehogs zone.
13:10 of 2nd period - Backhand shot by Mikhail Grigorenko.
13:10 of 2nd period - Stopped by Michael Houser without a rebound.
13:11 of 2nd period - Daniel O'regan wins face-off versus Mikhail Grigorenko in Little Stars zone.
13:26 of 2nd period - Wrist shot by Mike Reilly.
13:26 of 2nd period - Shot Misses the Net.
13:48 of 2nd period - Slapshot by Mikhail Grigorenko.
13:48 of 2nd period - Stopped by Michael Houser with a rebound.
14:02 of 2nd period - Snap shot by Shane Gersich.
14:02 of 2nd period - Shot Misses the Net.
14:04 of 2nd period - Wrist shot by Shane Gersich.
14:04 of 2nd period - Shot Blocked by J.T. Brown.
14:42 of 2nd period - Duncan Siemens is hit by Evan Bouchard and loses puck.
15:03 of 2nd period - Slapshot by Joakim Nygard.
15:03 of 2nd period - Stopped by Oscar Dansk without a rebound.
15:04 of 2nd period - Radel Fazleev wins face-off versus Andrew Poturalski in Icehogs zone.
15:13 of 2nd period - Wrist shot by Joakim Nygard.
15:13 of 2nd period - Shot Blocked by Adam Boqvist.
15:15 of 2nd period - Slapshot by Tucker Poolman.
15:15 of 2nd period - Stopped by Oscar Dansk with a rebound.
15:31 of 2nd period - Ilya Mikheyev is hit by Dillon Dube.
16:03 of 2nd period - Snap shot by Shane Gersich.
16:03 of 2nd period - Stopped by Oscar Dansk with a rebound.
16:21 of 2nd period - Snap shot by Calle Andersson.
16:21 of 2nd period - Deflect By Ross Johnston.
16:21 of 2nd period - Stopped by Michael Houser with a rebound.
16:23 of 2nd period - Slapshot by Duncan Siemens.
16:23 of 2nd period - Stopped by Michael Houser with a rebound.
16:25 of 2nd period - Slapshot by Calle Andersson.
16:25 of 2nd period - Stopped by Michael Houser without a rebound.
16:26 of 2nd period - Daniel O'regan wins face-off versus Dillon Dube in Little Stars zone.
16:43 of 2nd period - Dillon Dube is hit by Adam Tambellini and loses puck.
17:08 of 2nd period - Radel Fazleev is hit by Nick Paul and loses puck.
17:25 of 2nd period - Slapshot by Cal Burke.
17:25 of 2nd period - Stopped by Oscar Dansk with a rebound.
17:37 of 2nd period - Snap shot by Nick Paul.
17:37 of 2nd period - Stopped by Michael Houser without a rebound.
17:38 of 2nd period - Daniel O'regan wins face-off versus Dillon Dube in Little Stars zone.
17:43 of 2nd period - Mikhail Grigorenko is hit by Evan Bouchard and loses puck.
18:11 of 2nd period - Mike Reilly is hit by Tucker Poolman and loses puck.
18:19 of 2nd period - Minor Penalty to Ross Johnston for Hooking.
18:20 of 2nd period - Mikhail Grigorenko wins face-off versus Daniel O'regan in Icehogs zone.
Goals for this period are 1 for Icehogs vs 0 for Little Stars.
Shots for this period are 16 for Icehogs vs 11 for Little Stars.
3rd period
0:01 of 3rd period - Daniel O'regan wins face-off versus Mikhail Grigorenko in neutral zone.
0:19 of 3rd period - Penalty to Ross Johnston is over, Ross Johnston is back on ice.
0:49 of 3rd period - Michael Rasmussen is hit by Shane Gersich.
1:00 of 3rd period - Evan Bouchard is hit by Adam Boqvist and loses puck.
1:07 of 3rd period - Double Minor Penalty to Kurtis Gabriel for Roughing.
1:08 of 3rd period - Daniel O'regan wins face-off versus Mikhail Grigorenko in Icehogs zone.
2:31 of 3rd period - Joakim Nygard is hit by J.T. Brown.
3:00 of 3rd period - Icing by Matt Luff.
3:01 of 3rd period - Radel Fazleev wins face-off versus J.T. Brown in Little Stars zone.
4:06 of 3rd period - Michael Rasmussen is hit by Emile Poirier and loses puck.
4:37 of 3rd period - Julius Honka is hit by Daniel O'regan and loses puck.
5:07 of 3rd period - Penalty to Kurtis Gabriel is over, Kurtis Gabriel is back on ice.
5:25 of 3rd period - Wrist shot by Nikita Scherbak.
5:25 of 3rd period - Shot Misses the Net.
5:27 of 3rd period - Slapshot by Adam Boqvist.
5:27 of 3rd period - Stopped by Michael Houser without a rebound.
5:28 of 3rd period - Nikita Scherbak wins face-off versus Yakov Trenin in Little Stars zone.
5:39 of 3rd period - Nikita Scherbak is hit by Emile Poirier and loses puck.
6:09 of 3rd period - Snap shot by Mikhail Grigorenko.
6:09 of 3rd period - Shot Misses the Net.
6:11 of 3rd period - Slapshot by Hudson Fasching.
6:11 of 3rd period - Deflect By Connor Mackey.
6:11 of 3rd period - Stopped by Michael Houser with a rebound.
6:13 of 3rd period - Snap shot by Mikhail Grigorenko.
6:13 of 3rd period - Goal by Mikhail Grigorenko - Icehogs : 3 - Little Stars : 2.
6:14 of 3rd period - Daniel O'regan wins face-off versus Dillon Dube in neutral zone.
6:17 of 3rd period - Wrist shot by Wiley Sherman.
6:17 of 3rd period - Stopped by Oscar Dansk with a rebound.
6:20 of 3rd period - Icing by Julius Honka.
6:21 of 3rd period - Adam Tambellini wins face-off versus Dillon Dube in Icehogs zone.
7:03 of 3rd period - Icing by Wiley Sherman.
7:04 of 3rd period - Jean-Christophe Beaudin wins face-off versus Michael Rasmussen in Little Stars zone.
7:09 of 3rd period - Snap shot by Kurtis Gabriel.
7:09 of 3rd period - Shot Misses the Net.
7:53 of 3rd period - Snap shot by Radel Fazleev.
7:53 of 3rd period - Stopped by Oscar Dansk without a rebound.
7:54 of 3rd period - Andrew Poturalski wins face-off versus Radel Fazleev in Icehogs zone.
9:36 of 3rd period - Duncan Siemens is hit by Reece Willcox.
10:18 of 3rd period - Mikhail Grigorenko is hit by Evan Bouchard and loses puck.
11:08 of 3rd period - Snap shot by Shane Gersich.
11:08 of 3rd period - Stopped by Oscar Dansk with a rebound.
11:34 of 3rd period - Slapshot by Mike Reilly.
11:34 of 3rd period - Deflect By Hudson Fasching.
11:34 of 3rd period - Shot Misses the Net.
11:34 of 3rd period - Puck is out of play.
11:35 of 3rd period - Andrew Poturalski wins face-off versus Daniel O'regan in Little Stars zone.
11:42 of 3rd period - Wrist shot by Nick Paul.
11:42 of 3rd period - Shot Blocked by Daniel O'regan.
12:05 of 3rd period - Wrist shot by Myles Bell.
12:05 of 3rd period - Shot Misses the Net.
12:07 of 3rd period - Slapshot by Calle Andersson.
12:07 of 3rd period - Shot Blocked by Wiley Sherman.
12:09 of 3rd period - Slapshot by Calle Andersson.
12:09 of 3rd period - Deflect By Myles Bell.
12:09 of 3rd period - Stopped by Michael Houser without a rebound.
12:10 of 3rd period - Daniel O'regan wins face-off versus Michael Rasmussen in Little Stars zone.
12:10 of 3rd period - Daniel O'regan is hit by Michael Rasmussen.
12:22 of 3rd period - Off-side.
12:23 of 3rd period - Daniel O'regan wins face-off versus Andrew Poturalski in neutral zone.
12:25 of 3rd period - Minor Penalty to Tucker Poolman for Holding.
12:26 of 3rd period - Andrew Poturalski wins face-off versus Ilya Mikheyev in Little Stars zone.
12:41 of 3rd period - Minor Penalty to J.T. Brown for Slashing.
12:42 of 3rd period - Ilya Mikheyev wins face-off versus Mikhail Grigorenko in Icehogs zone.
12:42 of 3rd period - Snap shot by Adam Tambellini.
12:42 of 3rd period - Stopped by Oscar Dansk with a rebound.
12:44 of 3rd period - Wrist shot by Ilya Mikheyev.
12:44 of 3rd period - Shot Blocked by Julius Honka.
12:52 of 3rd period - Wrist shot by Ilya Mikheyev.
12:52 of 3rd period - Stopped by Oscar Dansk with a rebound.
12:54 of 3rd period - Wrist shot by Ilya Mikheyev.
12:54 of 3rd period - Shot Blocked by Mike Reilly.
12:56 of 3rd period - Slapshot by Wiley Sherman.
12:56 of 3rd period - Stopped by Oscar Dansk without a rebound.
12:57 of 3rd period - Adam Tambellini wins face-off versus Mikhail Grigorenko in Icehogs zone.
13:04 of 3rd period - Wrist shot by Ilya Mikheyev.
13:04 of 3rd period - Deflect By Adam Tambellini.
13:04 of 3rd period - Shot Misses the Net.
13:04 of 3rd period - Puck is out of play.
13:05 of 3rd period - Mikhail Grigorenko wins face-off versus Ilya Mikheyev in Icehogs zone.
13:49 of 3rd period - Adam Tambellini is hit by Mikhail Grigorenko and loses puck.
13:58 of 3rd period - Slapshot by Hudson Fasching.
13:58 of 3rd period - Shot Misses the Net.
14:00 of 3rd period - Snap shot by Hudson Fasching.
14:00 of 3rd period - Shot Misses the Net.
14:02 of 3rd period - Slapshot by Julius Honka.
14:02 of 3rd period - Shot Blocked by Reece Willcox.
14:04 of 3rd period - Snap shot by Mikhail Grigorenko.
14:04 of 3rd period - Goal by Mikhail Grigorenko - Icehogs : 4 - Little Stars : 2.
14:05 of 3rd period - Ilya Mikheyev wins face-off versus Mikhail Grigorenko in neutral zone.
14:25 of 3rd period - Penalty to Tucker Poolman is over, Tucker Poolman is back on ice.
14:26 of 3rd period - Slapshot by Joakim Nygard.
14:26 of 3rd period - Stopped by Oscar Dansk with a rebound.
14:41 of 3rd period - Penalty to J.T. Brown is over, J.T. Brown is back on ice.
15:13 of 3rd period - Wrist shot by J.T. Brown.
15:13 of 3rd period - Stopped by Michael Houser without a rebound.
15:14 of 3rd period - Justin Auger wins face-off versus Maxim Letunov in Little Stars zone.
15:25 of 3rd period - Slapshot by Shane Gersich.
15:25 of 3rd period - Stopped by Oscar Dansk without a rebound.
15:26 of 3rd period - Dillon Dube wins face-off versus Jean-Christophe Beaudin in Icehogs zone.
15:31 of 3rd period - Shane Gersich is hit by Hudson Fasching and loses puck.
16:05 of 3rd period - Snap shot by Cal Burke.
16:05 of 3rd period - Stopped by Oscar Dansk with a rebound.
16:15 of 3rd period - Snap shot by Julius Honka.
16:15 of 3rd period - Deflect By Kurtis Gabriel.
16:15 of 3rd period - Stopped by Michael Houser without a rebound.
16:16 of 3rd period - Daniel O'regan wins face-off versus Michael Rasmussen in Little Stars zone.
16:25 of 3rd period - Wrist shot by Daniel O'regan.
16:25 of 3rd period - Stopped by Oscar Dansk without a rebound.
16:26 of 3rd period - Jean-Christophe Beaudin wins face-off versus Michael Rasmussen in Icehogs zone.
16:48 of 3rd period - Icing by Justin Auger.
16:49 of 3rd period - Dillon Dube wins face-off versus Daniel O'regan in Little Stars zone.
17:06 of 3rd period - Slapshot by Ilya Mikheyev.
17:06 of 3rd period - Stopped by Oscar Dansk with a rebound.
17:43 of 3rd period - Off-side.
17:44 of 3rd period - Shane Gersich wins face-off versus Michael Rasmussen in neutral zone.
17:49 of 3rd period - Snap shot by Wiley Sherman.
17:49 of 3rd period - Deflect By Myles Bell.
17:49 of 3rd period - Stopped by Oscar Dansk without a rebound.
17:50 of 3rd period - Jean-Christophe Beaudin wins face-off versus Michael Rasmussen in Icehogs zone.
17:53 of 3rd period - Wrist shot by Shane Gersich.
17:53 of 3rd period - Stopped by Oscar Dansk with a rebound.
19:02 of 3rd period - Snap shot by Nick Paul.
19:02 of 3rd period - Stopped by Michael Houser without a rebound.
19:03 of 3rd period - Jean-Christophe Beaudin wins face-off versus Kurtis Gabriel in Little Stars zone.
19:03 of 3rd period - Jean-Christophe Beaudin is hit by Michael Rasmussen.
19:13 of 3rd period - Snap shot by Jean-Christophe Beaudin.
19:13 of 3rd period - Shot Misses the Net.
19:15 of 3rd period - Slapshot by Shane Gersich.
19:15 of 3rd period - Shot Misses the Net.
Goals for this period are 2 for Icehogs vs 0 for Little Stars.
Shots for this period are 8 for Icehogs vs 13 for Little Stars.